 Dungeon Crawl Stone Soup version 0.28.0-1-gb440e238dd (webtiles) character file.

Game seed: 11641210137754746781

350 boopmooplesden the Shield-Bearer (level 6, 0/53 HPs)
             Began as a Minotaur Fighter on Feb 21, 2022.
             Was an Initiate of Hepliaklqana.
             Slain by Grinder (4 damage)
             ... while paralysed by Grinder
             ... on level 4 of the Dungeon.
             The game lasted 00:04:00 (3009 turns).

boopmooplesden the Shield-Bearer (Minotaur Fighter) Turns: 3009, Time: 00:04:00

Health: 0/53       AC:  7    Str: 23    XL:     6   Next: 33%
Magic:  5/5        EV:  2    Int:  5    God:    Hepliaklqana [......]
Gold:   161        SH:  0    Dex:  9    Spells: 5/5 levels left

rFire   . . .      SeeInvis .   a - +0 war axe
rCold   . . .      Faith    .   c - +0 buckler
rNeg    . . .      Spirit   .   b - +0 scale mail
rPois   .          Reflect  .   (helmet restricted)
rElec   .          Harm     .   (no cloak)
rCorr   .          Rampage  .   (no gloves)
Will    .....                   (no boots)
Stlth   ..........              (no amulet)
HPRegen 0.17/turn               (no ring)
MPRegen 0.09/turn               (no ring)

@: paralysed
A: horns 2, retaliatory headbutt
a: Renounce Religion


You were on level 4 of the Dungeon.
You worshipped Hepliaklqana.
Hepliaklqana was noncommittal.
You visited 2 branches of the dungeon, and saw 5 of its levels.

You collected 161 gold pieces.

Inventory:

Hand Weapons
 a - a +0 war axe (weapon)
Missiles
 m - 4 boomerangs (quivered)
Armour
 b - a +0 scale mail (worn)
 c - a +0 buckler (worn)
 g - a +0 cloak
Jewellery
 f - a +6 ring of dexterity
 l - a +6 ring of intelligence
 p - a +6 ring of dexterity
Scrolls
 d - a scroll of enchant armour {unknown}
 e - 4 scrolls of teleportation
 j - 2 scrolls of silence {unknown}
Potions
 h - a potion of brilliance
 i - a potion of flight
 k - a potion of heal wounds
 n - a potion of curing {unknown}
 o - a potion of degeneration {unknown}


   Skills:
 + Level 4.7 Fighting
 + Level 4.5 Axes
 + Level 5.0 Armour
 + Level 2.6 Dodging
 + Level 0.3 Stealth
 + Level 5.0 Shields


You had 5 spell levels left.
You didn't know any spells.
Your spell library was empty.

Dungeon Overview and Level Annotations

Branches:
Dungeon (4/15)             Temple (1/1) D:4

Altars:
Cheibriados
Dithmenos
Elyvilon
Fedhas
Gozag
Hepliaklqana
Qazlal
Trog
Uskayaw
Vehumet
Wu Jian
Xom
Yredelemnul
Zin
The Shining One

Shops:
D:4 *

Annotations:
D:4 Grinder


Innate Abilities, Weirdness & Mutations

You have a pair of horns on your head.
You reflexively headbutt those who attack you in melee.


Message History

You kill the orc!
Things that are here:
a +0 short sword; 2 boomerangs; a +0 ring mail Grinder blinks!
You closely miss Grinder. Your headbutt misses Grinder.
Grinder gestures at you. You resist with significant effort.
You barely miss Grinder. Your headbutt misses Grinder. Grinder hits you.
You writhe in agony.
You hit Grinder.
Grinder is lightly wounded.
Grinder gestures at you.
You suddenly lose the ability to move!
Grinder gestures at you.
You shrug off the repeated paralysis!
Grinder hits you!
You writhe in agony.
Grinder hits you!
You writhe in agony.
You can move again.
You completely miss Grinder. Your headbutt misses Grinder.
Grinder is lightly wounded.
Grinder hits you. x2
* * * LOW HITPOINT WARNING * * *
You barely miss Grinder.
Grinder is lightly wounded.
Grinder hits you.
* * * LOW HITPOINT WARNING * * *
You writhe in agony.
* * * LOW HITPOINT WARNING * * *
Unknown command.
You hit Grinder.
Grinder is lightly wounded.
Grinder says, "I used to sell toenails on the black market."
Grinder gestures at you.
You suddenly lose the ability to move!
Grinder gestures at you.
You shrug off the repeated paralysis!
Grinder hits you.
* * * LOW HITPOINT WARNING * * *
You writhe in agony.
You die...

######.....#
......#######.........##
...........#..8.8.8...##
...........#..⌠.⌠.⌠.....
...........#............
...........+....>.......
...........#.....†......
...........#............
......5@...#########'##.
.######...............#.
#..)............#.
#...............#.
+.....|.........#.
#...............#.
#........(......#.
#...............#.
#...............##


You could see Grinder.

Vanquished Creatures
  A centaur zombie (D:4)
  2 hounds (D:3)
  2 bullfrog skeletons (D:4)
  Natasha (twice) (D:3)
  An orc wizard (D:4)
  5 gnolls (D:3)
  2 adders (D:4)
  2 worms
  6 orcs
  2 bats
  6 endoplasms
  3 giant cockroaches
  7 goblins
  A hobgoblin (D:2)
  A quokka (D:2)
  3 ball pythons
  2 frilled lizards
  A jackal skeleton (D:4)
  3 kobolds
  9 rats
61 creatures vanquished.

Vanquished Creatures (others)
  2 plants (D:2)
2 creatures vanquished.

Grand Total: 63 creatures vanquished

Notes
Turn   | Place    | Note
-------+----------+-------------------------------------------
     0 | D:1      | boopmooplesden the Minotaur Fighter began the quest for the
                  | Orb.
     0 | D:1      | Reached XP level 1. HP: 19/19 MP: 0/0
   138 | D:1      | Reached XP level 2. HP: 19/27 MP: 1/1
   322 | D:1      | You fall into a shaft and drop 1 floor!
   322 | D:2      | Found a faded altar of an unknown god.
   986 | D:3      | Reached XP level 3. HP: 30/33 MP: 2/2
  1051 | D:3      | Noticed Natasha
  1061 | D:3      | Killed Natasha
  1144 | D:3      | Reached XP level 4. HP: 22/41 MP: 3/3
  1662 | D:3      | Reached skill level 1 in Dodging
  1663 | D:3      | Reached XP level 5. HP: 26/47 MP: 4/4
  1969 | D:3      | Noticed Natasha
  1995 | D:3      | Killed Natasha
  2264 | D:4      | Found Xyomud's Neck Hole.
  2285 | D:4      | Reached skill level 5 in Shields
  2375 | D:4      | Reached XP level 6. HP: 41/53 MP: 5/5
  2612 | D:4      | Reached skill level 5 in Armour
  2781 | D:4      | Found a staircase to the Ecumenical Temple.
  2801 | Temple   | Entered the Ecumenical Temple
  2954 | Temple   | Became a worshipper of Hepliaklqana the Forgotten
  2984 | D:4      | Noticed Grinder
  3001 | D:4      | Paralysed by Grinder for 4 turns
  3007 | D:4      | Paralysed by Grinder for 3 turns
  3009 | D:4      | Slain by Grinder

Illustrated notes

Levels and vault maps discovered:
D:1:      wander_arrival_peaceful_grave, layout_basic
D:2:      layout_loops_ring, dilly_ecumenical_altar_fadedgnrine,
          minmay_tree_intersection
D:3:      layout_loops_ring, cheibrodos_gnoll_hut, uniq_natasha
D:4:      layout_gridville, minmay_temple_entry_drinking_statues,
          nicolae_shop_sticking_my_neck_out, uniq_grinder
Temple:   regret_index_temple_waves

Skill      XL: |  1  2  3  4  5  6 |
---------------+-------------------+-----
Shields        | 4 5 |  5.0
Armour         | 4 5 |  5.0
Fighting       | 4 |  4.7
Axes           | 3 4 |  4.5
Dodging        | 1 2 |  2.6
Stealth        | |  0.3

Action                   |  1- 3 |  4- 6 || total
-------------------------+-------+-------++-------
Melee: War axe           |    56 |    85 ||   141
       Headbutt          |     5 |    15 ||    20
       Unarmed           |       |     2 ||     2
  Use: Potion            |       |     1 ||     1
       Scroll            |       |     5 ||     5
Armor: Scale mail        |    22 |    30 ||    52
       Skin              |       |     1 ||     1
Dodge: Dodged            |    30 |    46 ||    76
Block: Buckler           |    12 |    25 ||    37
